 Dungeon Crawl Stone Soup version 0.31-a0-851-g7ff8af7976 (webtiles) character file.

Game seed: 2129762996556224035

43 redmage the Digger (level 3, 0/21 HPs)
             Began as an Octopode Earth Elementalist on Oct 8, 2023.
             Slain by a gnoll
             ... wielding a +1 heavy flail
              (2 damage)
             ... on level 2 of the Dungeon.
             The game lasted 00:02:48 (783 turns).

redmage the Digger (Octopode Earth Elementalist)     Turns: 783, Time: 00:02:48

Health: 0/21       AC:  1    Str:  7    XL:     3   Next: 58%
Magic:  2/7        EV: 13    Int: 19    God:
Gold:   71         SH:  0    Dex: 12    Spells: 1/7 levels left

rFire   . . .        d - +2 short sword (flame)
rCold   . . .        (no shield)
rNeg    . . .        (helmet restricted)
rPois   .            (no amulet)
rElec   .            (no ring)
rCorr   .            (no ring)
SInv    .            (no ring)
Will    .....        (no ring)
Stlth   +++          (no ring)
HPRegen 0.23/turn    (no ring)
MPRegen 0.10/turn    (no ring)
                     (no ring)

%: no passive effects
@: no status effects
A: almost no armour, amphibious, 8 rings, camouflage 1, gelatinous body 1,
(nimble swimmer 1), tentacles
a: no special abilities


You were on level 2 of the Dungeon.
You visited 1 branch of the dungeon, and saw 2 of its levels.

You collected 71 gold pieces.

Inventory:

Hand Weapons
 d - a +2 short sword of flaming (weapon)
Scrolls
 b - a scroll of silence {unknown}
 e - a scroll of noise {unknown}
 g - a scroll of identify {unknown}
 h - a scroll of fear {unknown}
Potions
 a - a potion of magic
 c - a potion of ambrosia {unknown}
 f - a potion of degeneration {unknown}
 i - a potion of haste {unknown}
 j - 2 potions of enlightenment {unknown}


   Skills:
 - Level 2.0 Dodging
 - Level 2.7 Stealth
 + Level 2.8 Spellcasting
 + Level 0.5 Conjurations
 - Level 1.0 Transmutations
 + Level 3.7 Earth Magic


You had one spell level left.
You knew the following spells:

 Your Spells              Type           Power      Damage    Failure   Level
a - Sandblast             Erth           32%        2d9       3%          1
b - Passwall              Tmut/Erth      9%         N/A       9%          2
c - Stone Arrow           Conj/Erth      20%        3d8       19%         3

Your spell library contained the following spells:

 Spells                   Type           Power      Damage    Failure   Level
 Petrify                  Tmut/Erth      11%        N/A       50%         4
 Brom's Barrelling Bould  Conj/Erth      10%        2d3       54%         4


Dungeon Overview and Level Annotations

Branches:
Dungeon (2/15)

Altars:


Innate Abilities, Weirdness & Mutations

You cannot wear most types of armour.
You are amphibious.
You can wear up to eight rings at the same time.
Your skin changes colour to match your surroundings (Stealth+).
Your rubbery body absorbs attacks. (AC +1, EV +1)
((You are camouflaged when in or above water. (Stealth+)))
You have tentacles for arms and can constrict up to eight enemies at once.


Message History

Unknown command.
Casting: Sandblast (safe; 3% risk of failure)
Confirm with . or Enter, or press ? or * to list all spells.
Aiming: Sandblast (safe; 3% risk of failure)
Press: ? - help, Shift-Dir - straight line, f/p - gnoll
Aim: a gnoll, wielding a +0 spear (severely wounded, 84% to hit)
The blast of sand hits the gnoll!
You kill the gnoll!
Unknown command.
Casting: Sandblast (safe; 3% risk of failure)
Confirm with . or Enter, or press ? or * to list all spells.
Aiming: Sandblast (safe; 3% risk of failure)
Press: ? - help, Shift-Dir - straight line, f - gnoll
Aim: a gnoll, wielding a +1 heavy flail (84% to hit)
The blast of sand hits the gnoll.
The gnoll is lightly wounded.
The gnoll misses you.
Unknown command.
Casting: Sandblast (safe; 3% risk of failure)
Confirm with . or Enter, or press ? or * to list all spells.
Aiming: Sandblast (safe; 3% risk of failure)
Press: ? - help, Shift-Dir - straight line, f/p - gnoll
Aim: a gnoll, wielding a +1 heavy flail (lightly wounded, 84% to hit)
The blast of sand hits the gnoll!
The gnoll is severely wounded.
The gnoll hits you with a +1 heavy flail!!
Ouch! That really hurt!
* * * LOW HITPOINT WARNING * * *
You hear a shout!
Casting: Sandblast (safe; 3% risk of failure)
Confirm with . or Enter, or press ? or * to list all spells.
Aiming: Sandblast (safe; 3% risk of failure)
Press: ? - help, Shift-Dir - straight line, f/p - gnoll
Aim: a gnoll, wielding a +1 heavy flail (severely wounded, 84% to hit)
The blast of sand hits the gnoll but does no damage.
The gnoll is severely wounded.
You hear a shout!
A gnoll comes into view. It is wielding a +0 whip.
The gnoll hits you with a +1 heavy flail.
You die...

#.. #.......# #.#
#.......# #g# #.......#
#.# #.....#.# #.#
#.......# ####g###
######.## #......# #.#
#.##.#.#########.######
#...gg@...##.......# .#
###.#####.##..####.##.#
#.# ##.#.#..####.##.#
..# #.###.>..........
#### ##.#...#####.....
##.#..#####..###
##..........#..
#...#####..#.. #...#
#..#..


You could see 2 gnolls.

Vanquished Creatures
  A gnoll (D:2)
  A worm (D:2)
  2 endoplasms (D:1)
  3 goblins (D:1)
  4 hobgoblins
  4 jackals
  2 quokkas (D:1)
  2 ball pythons (D:1)
  A bat (D:1)
  2 frilled lizards (D:1)
  4 kobolds (D:1)
  2 rats (D:1)
28 creatures vanquished.

Notes
Turn   | Place    | Note
-------+----------+-------------------------------------------
     0 | D:1      | redmage the Octopode Earth Elementalist began the quest for
                  | the Orb.
     0 | D:1      | Reached XP level 1. HP: 11/11 MP: 3/3
    53 | D:1      | Reached XP level 2. HP: 10/17 MP: 0/5
   489 | D:1      | Reached XP level 3. HP: 14/21 MP: 4/6
   493 | D:1      | Learned a level 2 spell: Passwall
   497 | D:1      | Learned a level 3 spell: Stone Arrow
   782 | D:2      | HP: 1/21 [gnoll/+1 heavy flail (19)]
   783 | D:2      | Slain by a gnoll

Illustrated notes

Levels and vault maps discovered:
D:1:      mrwooster_arrival_statue_3, layout_basic, minmay_pentomino_v2
D:2:      layout_loops_cross, serial_shops, shop

Action                     || total
---------------------------++-------
  Melee: Unarmed           ||     9
         Constrict         ||     6
         Tentacles         ||     4
         Punch             ||     1
         Short sword       ||    16
         Dagger            ||     2
   Cast: Sandblast         ||    28
   Stab: Sleeping          ||     3
 Armour: Skin              ||    13
  Dodge: Dodged            ||    29

Table legend: (Time is in decaauts)
 A = Elapsed time spent in this place.
 B = Non-inter-level travel time spent in this place.
 C = Inter-level travel time spent in this place.
 D = Time resting spent in this place.
 E = Time spent auto-exploring this place.
 F = Levels seen in this place.
 G = Mean time per level.
                   A        B        C        D        E       F      G
               +--------+--------+--------+--------+--------+-----+--------+
         Total |    795 |    793 |      2 |      0 |    593 |   2 |  397.5 |
       Dungeon |    795 |    793 |      2 |      0 |    593 |   2 |  397.5 |
               +--------+--------+--------+--------+--------+-----+--------+

Top non-repeatable levels by time:
     D:1: 641 daAuts
     D:2: 154 daAuts
